 Dungeon Crawl Stone Soup version 0.29-a0-410-g9596d59a08 (webtiles) character file.

Game seed: 8955617994807452154

9 Ge0ff the Cudgeller (level 2, -2/19 HPs)
             Began as a Gargoyle Monk on May 14, 2022.
             Was an Initiate of Gozag.
             Killed from afar by an orc wizard (6 damage)
             ... with a magic dart
             ... on level 5 of the Dungeon.
             The game lasted 00:01:31 (582 turns).

Ge0ff the Cudgeller (Gargoyle Monk)                  Turns: 582, Time: 00:01:32

Health: -2/19      AC:  6    Str: 14    XL:     2   Next: 16%
Magic:  2/2        EV: 16    Int: 10    God:    Gozag
Gold:   20         SH:  0    Dex: 12    Spells: 1/1 levels left

rFire   . . .      SeeInvis .   a - +0 flail
rCold   . . .      Faith    .   (no shield)
rNeg    + . .      Spirit   .   b - +0 robe
rPois   ∞          Reflect  .   w - +0 helmet
rElec   +          Harm     .   t - +0 cloak
rCorr   .          Rampage  .   (no gloves)
Will    .....                   (no boots)
Stlth   +.........              (no amulet)
HPRegen 0.06/turn               u - +4 ring of evasion
MPRegen 0.08/turn               (no ring)

@: confused
A: sickness immunity, AC +2, negative energy resistance 1, electricity
resistance, torment resistance 1, petrification resistance
a: Renounce Religion, Potion Petition, Call Merchant, Bribe Branch


You were on level 5 of the Dungeon.
You worshipped Gozag.
Gozag was noncommittal.
You visited 1 branch of the dungeon, and saw 5 of its levels.

You collected 20 gold pieces.

Inventory:

Hand Weapons
 a - a +0 flail (weapon)
 s - a +0 mace
Missiles
 r - 3 javelins (quivered)
Armour
 b - a +0 robe (worn)
 t - a +0 cloak (worn)
 w - a +0 helmet (worn)
Jewellery
 u - a +4 ring of evasion (left hand)
Scrolls
 p - a scroll of fog {unknown}
 q - a scroll of teleportation {unknown}
 v - a scroll of noise {unknown}
 x - a scroll of identify {unknown}
Potions
 o - a potion of ambrosia


   Skills:
 - Level 3.2 Fighting
 + Level 3.6 Maces & Flails
 - Level 2.4 Dodging
 - Level 2.1 Stealth


You had one spell level left.
You didn't know any spells.
Your spell library contained the following spells:

 Spells                   Type           Power      Damage    Failure   Level
 Magic Dart               Conj           0%         1d3       36%         1
 Searing Ray              Conj           0%         2d4       50%         2
 Fulminant Prism          Conj/Hex       0%         3d6       98%         4


Dungeon Overview and Level Annotations

Branches:
Dungeon (5/15)
 Temple: D:4-7

Altars:
Gozag

Shops:
D:1 *   D:4 :


Innate Abilities, Weirdness & Mutations

You are immune to sickness and miasma.
Your stone body is resilient. (AC +2)
You are immune to poison.
You resist negative energy. (rN+)
You are resistant to electric shocks. (rElec)
You are resistant to unholy torment.
You are immune to petrification.


Message History

The water moccasin attacks as you move away!
The water moccasin completely misses you.
Found an escape hatch in the floor.
The water moccasin bites you.
Found 8 gold pieces.
The quokka attacks as you move away! The quokka closely misses you.
The water moccasin closely misses you. The quokka attacks as you move away!
The quokka misses you.
An orc wizard comes into view. It is wielding a +0 dagger.
Found a stone staircase leading down.
The orc wizard shouts!
The quokka bites you. The quokka attacks as you move away!
The quokka bites you.
An orc comes into view. It is wielding a +0 flail.
The orc shouts!
The quokka attacks as you move away!
The quokka bites you but does no damage.
An orc wizard comes into view. It is wielding a +0 dagger.
The water moccasin barely misses you.
An orc wizard comes into view.
It is wielding a +0 dagger and wearing a +2 robe of cold resistance.
The water moccasin attacks as you move away!
The water moccasin misses you.
Found a helmet.
The orc wizard shouts! x2
The orc wizard points at you and mumbles some strange words.
You are confused.
The orc wizard casts a spell.
The orc wizard flickers and vanishes!
Deactivating autopickup; reactivate with Ctrl-A.
You bump into the rock wall.
The water moccasin closely misses you.
The quokka twitches its whiskers.
The quokka barely misses you.
The orc wizard hits you with a +0 dagger.
An ogre comes into view. It is wielding a +0 giant spiked club.
The water moccasin closely misses you.
You barely miss the orc wizard.
The quokka bites you but does no damage.
The water moccasin bites you but does no damage.
The quokka closely misses you.
The orc wizard hits you with a +0 dagger.
* * * LOW HITPOINT WARNING * * *
The orc closely misses you.
You're too confused to move!
The water moccasin closely misses you. The quokka closely misses you.
The orc wizard barely misses you. The orc misses you.
The water moccasin misses you.
You miss the orc. The quokka closely misses you.
The water moccasin closely misses you. The orc wizard casts a spell at you.
The magic dart hits you.
You die...
Your body crumbles into a pile of gold.

## ### ..## #####?...
...# #.......#
#..###.......#
#...#.......#
####...........#
#.#...o#r......$.#######
...O.$o@So.......##.<...
.....#####..............
... #........##..... [
#..........##.####
#....#.......#..#
#.##.##...##...## .. ..
###.##.### > .. #.##.#
... #.##.#


You could see a water moccasin, an ogre, an orc wizard, 2 orcs and a quokka.

Vanquished Creatures
  A dart slug (D:1)
  3 goblins (D:1)
  A hobgoblin (D:3)
  2 rats
7 creatures vanquished.

Notes
Turn   | Place    | Note
-------+----------+-------------------------------------------
     0 | D:1      | Ge0ff the Gargoyle Monk began the quest for the Orb.
     0 | D:1      | Reached XP level 1. HP: 14/14 MP: 1/1
    46 | D:1      | Found Imoll's General Store.
   387 | D:1      | Reached XP level 2. HP: 19/19 MP: 2/2
   415 | D:1      | Found a faded altar of an unknown god.
   418 | D:1      | Prayed at the altar of an unknown god.
   418 | D:1      | Became a worshipper of Gozag Ym Sagoz the Greedy
   559 | D:4      | Found Niary's Book Shop.
   565 | D:5      | Entered Level 5 of the Dungeon
   567 | D:5      | Noticed a water moccasin
   579 | D:5      | Noticed an ogre
   582 | D:5      | Killed from afar by an orc wizard

Illustrated notes

Levels and vault maps discovered:
D:1:      amcnicky_arrival_feature_with_door, layout_basic,
          basic_ecumenical_altar, serial_shops, shop
D:2:      layout_loops_ring, serial_shops, nicolae_shop_waterfront,
          uniq_jessica, uniq_terence, uniq_robin
D:3:      layout_loops_ring, grunt_decor_junction
D:4:      layout_basic, minmay_temple_entry_waves, nicolae_stop_n_shop_2,
          minmay_misc_feat_nine_boxes, nicolae_shop_sticking_my_neck_out
D:5:      layout_rooms, serial_shops, shop, chequers_serial_rivers_large_b,
          uniq_sigmund

Action                   || total
-------------------------++-------
Melee: Flail             ||    16
 Stab: Sleeping          ||     1
Armor: Robe              ||    13
Dodge: Dodged            ||    51

Table legend: (Time is in decaauts)
 A = Elapsed time spent in this place.
 B = Non-inter-level travel time spent in this place.
 C = Inter-level travel time spent in this place.
 D = Time resting spent in this place.
 E = Time spent auto-exploring this place.
 F = Levels seen in this place.
 G = Mean time per level.
                   A        B        C        D        E       F      G
               +--------+--------+--------+--------+--------+-----+--------+
         Total |    583 |    568 |     15 |      0 |    340 |   5 |  116.6 |
       Dungeon |    583 |    568 |     15 |      0 |    340 |   5 |  116.6 |
               +--------+--------+--------+--------+--------+-----+--------+

Top non-repeatable levels by time:
     D:1: 435 daAuts
     D:3: 117 daAuts
     D:5: 17 daAuts
     D:2: 7 daAuts
     D:4: 5 daAuts
